 Dungeon Crawl Stone Soup version 0.30-a0-972-gf3ab3527aa (webtiles) character file.

Game seed: 16889702835965100850

627 Shard1697 the Cudgeller (level 7, -3/94 HPs)
             Began as an Armataur Fighter on Apr 1, 2023.
             Was a Believer of Makhleb.
             Killed from afar by an orc wizard (4 damage)
             ... with a magic dart
             ... on level 5 of the Dungeon.
             The game lasted 00:03:55 (3385 turns).

Shard1697 the Cudgeller (Armataur Fighter)          Turns: 3385, Time: 00:03:56

Health: -3/94      AC: 12    Str: 21    XL:     7   Next: 23%
Magic:  8/8        EV:  7    Int:  8    God:    Makhleb [**....]
Gold:   262        SH:  4    Dex: 12    Spells: 6/6 levels left

rFire   . . .      SeeInvis .    a - +3 flail (protect)
rCold   . . .      Faith    .    c - +0 buckler
rNeg    . . .      Spirit   .    b - +0 scale mail
rPois   .          Reflect  .    u - +1 helmet
rElec   .          Roll     +    (no cloak)
rCorr   .                        (no gloves)
Will    .....                    (no barding) Stlth
                                 (no amulet)
HPRegen 0.35/turn                (no ring)
MPRegen 0.11/turn                (no ring)

@: berserking, corroded, under a protective aura, very quick
A: large, rugged brown scales 3, deformed body, armoured tail, roll, long
tongue, awkward tongue
a: Renounce Religion, Minor Destruction


You were on level 5 of the Dungeon.
You worshipped Makhleb.
Makhleb was pleased with you.
You visited 1 branch of the dungeon, and saw 5 of its levels.

You collected 262 gold pieces.

Inventory:

Hand Weapons
 a - a +3 flail of protection (weapon)
Armour
 b - a +0 scale mail (worn)
 c - a +0 buckler (worn)
 u - a +1 helmet (worn)
Jewellery
 q - an amulet of guardian spirit
Wands
 o - a wand of roots (11)
Scrolls
 e - a scroll of enchant armour
 h - a scroll of identify
 m - a scroll of torment
 n - a scroll of magic mapping
 t - a scroll of fog
 w - a scroll of teleportation
Potions
 d - a potion of might
 f - 3 potions of mutation {unknown}
 i - a potion of degeneration {unknown}
 j - a potion of curing {unknown}
 k - 2 potions of brilliance {unknown}
 l - a potion of magic
 r - a potion of haste {unknown}


   Skills:
 * Level 4.0 Fighting
 * Level 6.4 Maces & Flails
 - Level 3.6 Armour
 - Level 3.2 Shields
 + Level 1.6 Invocations


You had 6 spell levels left.
You didn't know any spells.
Your spell library contained the following spells:

 Spells                   Type           Power      Damage    Failure   Level
 Sandblast                Erth           0%         2d4       82%         1
 Passwall                 Tmut/Erth      0%         N/A       91%         2
 Static Discharge         Conj/Air       0%         2-2/arc   91%         2
 Call Canine Familiar     Summ           0%         N/A       99%         3
 Portal Projectile        Hex/Tloc       0%         N/A       99%         3
 Stone Arrow              Conj/Erth      0%         3d7       99%         3
 Vhi's Electric Charge    Tloc/Air       0%         N/A       99%         3
 Leda's Liquefaction      Hex/Erth       0%         N/A       100%        4
 Summon Ice Beast         Ice/Summ       0%         N/A       100%        4
 Arcjolt                  Conj/Air       0%         1d10      100%        5
 Plasma Beam              Fire/Air       0%         2x1d7     100%        5
 Lehudib's Crystal Spear  Conj/Erth      0%         10d2      100%        8
 Maxwell's Capacitive Co  Air            0%         ∞         100%        8


Dungeon Overview and Level Annotations

Branches:
Dungeon (5/15)
 Temple: D:4-7

Altars:
Hepliaklqana
Kikubaaqudgha
Makhleb
Xom

Shops:
D:4 [

Annotations:
D:4 3 runed translucent doors, howech's ghost, amateur MiGl


Innate Abilities, Weirdness & Mutations

You are completely covered in rugged brown scales. (AC +3, +7% HP)
Armour fits poorly on your strangely shaped body.
You have a long armoured tail.
You roll when moving toward enemies. (Rampage)
Your long tongue fully drains potion bottles. (2x potion effects)
Your tongue gives you trouble enunciating. (1.5x scroll delay)


Message History

You are confused.
The orc wizard barely misses you. Ijyb hits you but does no damage.
You hit Ijyb. You tail-slap Ijyb.
Ijyb is lightly wounded.
Ijyb zaps a wand.
The bolt of acid hits you!!
* * * LOW HITPOINT WARNING * * *
You completely miss Ijyb.
Ijyb is lightly wounded.
You bump into the rock wall.
Ijyb hits you but does no damage. The orc wizard barely misses you.
You sock Ijyb!
Ijyb is severely wounded.
Something hits you but does no damage.
The orc wizard hits you but does no damage.
Ijyb completely misses you.
You sock Ijyb!
You kill Ijyb!
Makhleb accepts your kill.
You hear some strange, mumbled words.
Something tries to affect you, but you resist.
The orc wizard hits you but does no damage.
You hit the orc but do no damage. You hit the orc but do no damage.
You feel less confused. The orc hits you but does no damage.
Something hits you but does no damage.
The orc wizard hits you with a +0 dagger.
* * * LOW HITPOINT WARNING * * *
You sock the orc wizard!
The orc wizard is severely wounded.
Something hits you but does no damage. The orc closely misses you.
The orc wizard points at you and mumbles some strange words.
The puff of flame hits you but does no damage.
You barely miss the orc wizard.
The orc wizard is severely wounded.
You barely miss the orc wizard.
The orc wizard is severely wounded.
You hear some strange, mumbled words.
A magic dart appears from out of thin air!
The magic dart hits you.
You die...

♣♣♣..♣♣♣ ♣♣......♣♣
♣♣........♣♣ #
♣♣..........♣♣ ..
♣............♣♣ ..#
..............♣♣ .#..
...............♣ .....
.....⌠..⌠......♣##...#..
...............@o.......
.......(.......{o..?....
.....⌠..⌠......♣#...##[.
...............♣ .#.#
..............♣♣ ##..#
♣............♣♣ .#
♣♣..........♣♣ .# #
♣♣........♣♣##..# .#
♣♣......♣♣ #...## .#


You could see an orc wizard and an orc.

Vanquished Creatures
  Sigmund (D:2)
  A black bear (D:4)
  Jessica (D:2)
  Ijyb (D:5)
  Terence (D:2)
  An iguana (D:4)
  5 gnolls
  9 adders
  3 worms
  3 dart slugs
  13 orcs
  6 bats
  7 endoplasms
  3 giant cockroaches
  9 goblins
  11 hobgoblins
  3 jackals (D:4)
  4 quokkas
  9 ball pythons
  3 frilled lizards
  11 kobolds
  7 rats
112 creatures vanquished.

Notes
Turn   | Place    | Note
-------+----------+-------------------------------------------
     0 | D:1      | Shard1697 the Armataur Fighter began the quest for the Orb.
     0 | D:1      | Reached XP level 1. HP: 19/19 MP: 1/1
   131 | D:1      | Reached skill level 2 in Maces & Flails
   242 | D:1      | Reached XP level 2. HP: 21/26 MP: 2/2
   389 | D:1      | Reached skill level 3 in Maces & Flails
   694 | D:1      | Reached XP level 3. HP: 29/32 MP: 3/3
  1035 | D:2      | Reached skill level 4 in Maces & Flails
  1035 | D:2      | Reached XP level 4. HP: 39/39 MP: 4/4
  1073 | D:2      | Noticed Sigmund
  1083 | D:2      | Killed Sigmund
  1084 | D:2      | Reached skill level 5 in Maces & Flails
  1084 | D:2      | Reached XP level 5. HP: 29/44 MP: 5/5
  1151 | D:2      | Noticed Jessica
  1157 | D:2      | Killed Jessica
  1158 | D:2      | Reached XP level 6. HP: 40/53 MP: 6/6
  1365 | D:2      | Found a burning altar of Makhleb.
  1398 | D:2      | Noticed Terence
  1407 | D:2      | Killed Terence
  1436 | D:2      | Became a worshipper of Makhleb the Destroyer
  1574 | D:2      | Found a faded altar of an unknown god.
  2164 | D:3      | Found an ancient bone altar of Kikubaaqudgha.
  2401 | D:3      | Reached * piety under Makhleb
  2421 | D:3      | Reached skill level 6 in Maces & Flails
  2580 | D:3      | Found a hazy altar of Hepliaklqana.
  2650 | D:4      | Found a runed translucent gate.
  2650 | D:4      | Found a runed translucent gate.
  2650 | D:4      | Found a runed translucent gate.
  2723 | D:4      | Reached ** piety under Makhleb
  2730 | D:4      | Reached skill level 1 in Invocations
  2730 | D:4      | Reached XP level 7. HP: 61/62 MP: 7/7
  2792 | D:4      | Found Jemaj's Antique Armour Boutique.
  2942 | D:4      | Got Tuajyeh's Spellbook of the Petrous Boggart
  3047 | D:4      | Noticed howech's ghost (amateur MiGl)
  3143 | D:4      | Found a shimmering altar of Xom.
  3305 | D:5      | Entered Level 5 of the Dungeon
  3368 | D:5      | Noticed Ijyb
  3376 | D:5      | HP: 2/94 [Ijyb/bolt of acid (22)]
  3380 | D:5      | Killed Ijyb
  3382 | D:5      | HP: 1/94 [orc wizard/+0 dagger (3)]
  3385 | D:5      | Killed from afar by an orc wizard

Illustrated notes

Levels and vault maps discovered:
D:1:      dpeg_arrival_stone_temple_mockup, layout_basic, serial_corexii_hall,
          chequers_hall_statues_wall_a, corexii_hall_statues_i
D:2:      layout_basic, hellmonk_ecumenical_altar_slurped_away, basic_altar,
          uniq_terence, uniq_sigmund, uniq_jessica
D:3:      layout_loops_ring, worldfamousw_hep_ancestral_shrine,
          nicolae_kikubaaqudgha_miasma_corner, minmay_joined_circles
D:4:      layout_rooms, tgw_xom, ebering_ghost_rock_garden, serial_shops,
          kennysheep_mini_moat
D:5:      layout_rooms, jmf_multi_god_temple, kennysheep_cross_room,
          uniq_edmund, uniq_ijyb

Skill      XL: |  1  2  3  4  5  6  7 |
---------------+----------------------+-----
Maces & Flails | 2 3 4 5 6 |  6.4
Fighting       | 3 4 |  4.0
Invocations    | 1 |  1.6
Armour         | |  3.6
Shields        | |  3.2

Action                     |  1- 3 |  4- 6 |  7- 9 || total
---------------------------+-------+-------+-------++-------
  Melee: Flail             |    82 |   158 |    53 ||   293
         Tailslap          |    10 |    16 |     8 ||    34
    Use: Scroll            |       |       |    12 ||    12
         Potion            |       |       |     1 ||     1
 Armour: Scale mail        |    55 |    60 |    32 ||   147
  Dodge: Dodged            |    39 |    49 |    18 ||   106
  Block: Buckler           |    19 |    25 |     5 ||    49

Table legend: (Time is in decaauts)
 A = Elapsed time spent in this place.
 B = Non-inter-level travel time spent in this place.
 C = Inter-level travel time spent in this place.
 D = Time resting spent in this place.
 E = Time spent auto-exploring this place.
 F = Levels seen in this place.
 G = Mean time per level.
                   A        B        C        D        E       F      G
               +--------+--------+--------+--------+--------+-----+--------+
         Total |   3438 |   3236 |    202 |    249 |   2355 |   5 |  687.6 |
       Dungeon |   3438 |   3236 |    202 |    249 |   2355 |   5 |  687.6 |
               +--------+--------+--------+--------+--------+-----+--------+

Top non-repeatable levels by time:
     D:2: 955 daAuts
     D:1: 869 daAuts
     D:3: 868 daAuts
     D:4: 666 daAuts
     D:5: 78 daAuts
